Map: Dead of Night

Players

monk

  • Race: Protoss Protoss
  • Spawn Location: 0:00

sTkmonk

  • Race: Terran Terran
  • Spawn Location: 0:00

VOD

Have the link to the VOD?

Description

Time

  • Played on: July 16, 2017, 10:53 a.m.
  • Length: 19:03
Show
View Real Time Build Order
Export as new Build Order

monk Protoss 

Build Orders:  

Get SALT Encoding   

  12  0:02  Probe (Chrono Boost)  
  13  0:16  Probe (Chrono Boost)  
  14  0:22  Assimilator  
  14  0:30  Probe (Chrono Boost)  
  14  0:37  Dark Pylon  
  15  0:44  Probe (Chrono Boost)  
  15  0:45  Assimilator  
  16  0:52  Assimilator  
  16  0:58  Probe (Chrono Boost)  
  17  1:12  Probe (Chrono Boost)  
  18  1:20  Gateway  
  18  1:26  Probe (Chrono Boost)  
  19  1:39  Probe (Chrono Boost)  
  19  1:49  Pylon  
  20  1:53  Probe (Chrono Boost)  
  20  1:58  Forge  
  21  2:07  Probe (Chrono Boost)  
  22  2:21  Probe (Chrono Boost)  
  22  2:27  Cybernetics Core  
  23  2:35  Probe (Chrono Boost)  
  24  2:43  Protoss Ground Weapons Level 1 (Chrono Boost)  
  24  2:49  Probe (Chrono Boost)  
  25  3:03  Probe (Chrono Boost)  
  26  3:17  Probe (Chrono Boost)  
  26  3:19  Photon Cannon  
  27  3:20  Photon Cannon  
  27  3:23  Photon Cannon  
  27  3:27  Death Council  
  27  3:30  Probe (Chrono Boost)  
  28  3:44  Probe (Chrono Boost)  
  29  3:58  Probe (Chrono Boost)  
  31  4:22  Gateway  
  31  4:23  Gateway  
  29  4:34  Dark Shrine  
  29  4:41  Pylon  
  29  4:46  Photon Cannon  
  29  4:51  Gateway  
  29  4:54  Gateway  
  29  4:55  Gateway  
  29  5:07  Pylon  
  29  5:23  Shadow Fury (Chrono Boost)  
  29  5:29  Dark Pylon  
  29  5:32  Protoss Ground Weapons Level 2 (Chrono Boost), Pylon  
  29  5:40  Pylon  
  29  6:32  Warp Gate (Chrono Boost)  
  29  6:59  Dark Templar x2  
  33  7:00  Dark Templar x3  
  33  7:01  Dark Templar, Pylon  
  41  7:20  Dark Templar Blink  
  41  7:48  Dark Templar x4  
  41  7:49  Dark Templar x2  
  53  8:34  Dark Templar x4  
  53  8:35  Dark Templar x2  
  65  8:56  Protoss Ground Weapons Level 3 (Chrono Boost)  
  61  9:21  Pylon  
  61  9:43  Dark Templar  
  61  9:44  Dark Templar x4  
  61  9:45  Dark Templar  
  73  10:16  Photon Cannon  
  73  10:19  Photon Cannon  
  73  10:25  Photon Cannon  
  73  10:43  Dark Templar  
  73  10:44  Dark Templar x3  
  73  10:45  Dark Templar x2  
  79  11:35  Pylon  
  79  11:44  Photon Cannon x2  
  79  11:51  Dark Templar x2  
  83  12:05  Photon Cannon  
  83  12:08  Photon Cannon  
  83  12:09  Photon Cannon  
  83  13:05  Dark Templar x2  
  83  13:06  Dark Templar x3  
  83  13:07  Dark Templar  
  95  13:14  Pylon  
  95  13:19  Pylon  
  95  13:37  Pylon  
  95  13:39  Pylon  
  95  13:44  Dark Templar  
  97  13:56  Dark Templar x3  
  97  13:57  Dark Templar x2  
  103  14:38  Dark Templar  
  105  14:46  Dark Templar  
  105  14:47  Dark Templar x3  
  105  14:48  Dark Templar  
  115  15:16  Dark Templar  
  103  15:50  Dark Templar  
  103  15:51  Dark Templar x3  
  107  16:24  Dark Templar x2  
  111  16:38  Dark Templar x2  
  115  17:08  Dark Templar  
  115  17:09  Dark Templar x2  
  121  17:36  Dark Templar x2  
  125  18:01  Dark Templar  
Show
View Real Time Build Order
Export as new Build Order

sTkmonk Terran 

Build Orders:  

Get SALT Encoding   

Tags
 
Add a new tag
Caveats
  • Supply blocks, unpowered buildings, or Contaminate may cause inaccurate times.
  • Supply counts are checked every 10 seconds.